 Dungeon Crawl Stone Soup version 0.17-a0-1435-geafbe2f (webtiles) character file.

230 HEYYEYAAE the Gusty (level 6, -8/44 HPs)
             Began as a Human Air Elementalist on June 26, 2015.
             Mangled by an ice beast (11 damage)
             ... on level 6 of the Dungeon.
             The game lasted 00:07:58 (3119 turns).

HEYYEYAAE the Gusty (Human Air Elementalist)        Turns: 3119, Time: 00:07:59

Health: -8/44      AC:  2    Str:  9    XL:     6   Next: 24%
Magic:  3/19       EV: 13    Int: 17    God:
Gold:   172        SH:  0    Dex: 13    Spells: 3 memorised, 5 levels left

rFire  . . .     SeeInvis .     i - +0 dagger (vamp)
rCold  . . .     Clarity  .     j - +0 robe
rNeg   . . .     SustAt   .     (no shield)
rPois  .         Gourm    .     (no helmet)
rElec  .         Spirit   .     (no cloak)
rCorr  .         Warding  .     (no gloves)
rMut   .         Stasis   .     (no boots)
MR     .....                    (no amulet)
Stlth  ++........               (no ring)
                                k - ring of magical power

@: hasted, repel missiles, very quick, not resistant to hostile enchantments,
unstealthy
A: no striking features
a: no special abilities


You were on level 6 of the Dungeon.
You were near starving.

You visited 1 branch of the dungeon, and saw 6 of its levels.

You collected 172 gold pieces.

Inventory:

Hand weapons
 i - a +0 vampiric dagger (weapon)
Armour
 j - a +0 robe (worn)
Jewellery
 k - a ring of magical power (left hand)
Scrolls
 a - 3 scrolls of immolation {unknown}
 e - a scroll of remove curse
 g - 4 scrolls of identify {unknown}
 h - a scroll of teleportation {unknown}
Books
 b - a book of Air

   Spells                             Type                      Level
   a - Shock                          Conjuration/Air              1
   b - Swiftness                      Charms/Air                   2
   c - Repel Missiles                 Charms/Air                   2
   d - Static Discharge               Conjuration/Air              3
   e - Lightning Bolt                 Conjuration/Air              5
 l - a book of the Tempests

   Spells                             Type                      Level
   a - Static Discharge               Conjuration/Air              3
   b - Lightning Bolt                 Conjuration/Air              5
   c - Fireball                       Conjuration/Fire             5
   d - Tornado                        Air                          9
   e - Shatter                        Earth                        9
Comestibles
 c - 2 bread rations
 d - a beef jerky
 m - a slice of pizza


   Skills:
 + Level 1.9 Fighting
 + Level 1.9 Armour
 + Level 3.0 Dodging
 - Level 2.0 Stealth
 * Level 3.1 Spellcasting
 - Level 1.0 Conjurations
 * Level 4.3 Air Magic


You had 5 spell levels left.
You knew the following spells:

 Your Spells              Type           Power        Failure   Level  Hunger
a - Shock                 Conj/Air       ##..         10%         1    None
b - Static Discharge      Conj/Air       ##......     21%         3    ###....
c - Repel Missiles        Chrm/Air       ##....       14%         2    ##.....


Dungeon Overview and Level Annotations

Branches:
Dungeon (6/15)
 Temple: D:4-7

Altars:
Cheibriados
Fedhas
Ru
Yredelemnul

Annotations:
D:3 Terence; nono's ghost, weakling GrFi
D:4 Pikel


Message History

Casting: Static Discharge
Confirm with . or Enter, or press ? or * to list all spells.
The ice beast is struck by lightning.
The ice beast is severely wounded.
The lightning arcs!
You are struck by lightning.
* * * LOW HITPOINT WARNING * * *
The lightning grounds out.
You are near starving!
The ice beast hits you but does no damage.
Drink which item? (? for menu, Esc to quit)
Okay, then.
You aren't carrying any items that can be evoked.
Unknown command.
Read which item? (? for menu, Esc to quit)
Okay, then.
Drink which item? (? for menu, Esc to quit)
It was a potion of haste.
You feel yourself speed up. The ice beast hits you.
* * * LOW HITPOINT WARNING * * *
The ice beast freezes you!
You die...

#. ##.# #...#
....# ....###
.##
#....##....
#......?.#
#@.....#
#....Y......#
###....##.###
#...## #
#..## #.. ...
...#


You could see an ice beast.

Vanquished Creatures
  2 slaves
  A phantom (D:4)
  4 adders
  8 oozes (D:1)
  2 worms
  2 giant geckos
  A ball python (D:2)
  3 bats
  9 hobgoblins
  2 kobolds
  7 giant cockroaches
  3 giant newts (D:1)
  5 goblins
  7 jackals
  9 rats
65 creatures vanquished.

Notes
Turn   | Place    | Note
--------------------------------------------------------------
     0 | D:1      | HEYYEYAAE the Human Air Elementalist began the quest for the Orb.
     0 | D:1      | Reached XP level 1. HP: 13/13 MP: 3/3
     1 | D:1      | Found a runed door.
   159 | D:1      | Reached XP level 2. HP: 10/20 MP: 5/5
   166 | D:1      | Reached skill level 1 in Armour
   779 | D:1      | Reached XP level 3. HP: 12/25 MP: 0/6
   813 | D:1      | Reached XP level 4. HP: 29/31 MP: 3/7
   826 | D:1      | Reached skill level 1 in Fighting
   917 | D:2      | Found a sacrificial altar of Ru.
   938 | D:2      | Found a snail-covered altar of Cheibriados.
   938 | D:2      | Found a blossoming altar of Fedhas.
  1028 | D:2      | HP: 1/32 [worm (7)]
  1666 | D:2      | Found a basalt altar of Yredelemnul.
  1879 | D:3      | Learned a level 3 spell: Static Discharge
  1882 | D:3      | Learned a level 2 spell: Repel Missiles
  1953 | D:3      | Reached XP level 5. HP: 28/37 MP: 9/9
  1961 | D:3      | Noticed nono's ghost (weakling GrFi)
  1970 | D:3      | Noticed Terence
  2151 | D:4      | Noticed a slave
  2152 | D:4      | Noticed Pikel
  2152 | D:4      | Noticed a slave
  2170 | D:4      | Killed a slave
  2188 | D:4      | Noticed a phantom
  2308 | D:4      | Killed a phantom
  2308 | D:4      | Reached skill level 4 in Air Magic
  2308 | D:4      | Reached XP level 6. HP: 15/44 MP: 3/10
  2494 | D:4      | Noticed a slave
  2507 | D:4      | Noticed a slave
  2507 | D:5      | Entered Level 5 of the Dungeon
  2521 | D:5      | HP: 2/44 [slave[Pikel] (7)]
  2529 | D:5      | Killed a slave
  3049 | D:5      | Noticed a sky beast
  3109 | D:6      | Noticed an ice beast
  3119 | D:6      | Mangled by an ice beast

Vault maps used:
D:1:      dpeg_arrival_caged_fury
D:2:      lemuel_coloured_pillars_altar, gammafunk_temple_overflow_forgotten,
          first_bread
D:3:      old_standard_altar, zin_scriptorium, nicolae_ru_sacrificial_ziggurat,
          uniq_jessica, uniq_terence
D:4:      lemuel_crystal_altar, gup_sewer_entry_pipe, uniq_edmund, uniq_duvessa,
          uniq_pikel
D:5:      overflow_temple_1_default, nicolae_overflow_hidden_temple
D:6:      lemuel_crystal_altar, serial_shops, shop

Action                   |  1- 3 |  4- 6 || total
-------------------------+-------+-------++-------
Melee: Spear             |    10 |       ||    10
       Dagger            |    59 |   197 ||   256
 Cast: Shock             |     5 |    64 ||    69
       Repel Missiles    |       |     1 ||     1
       Static Discharge  |       |     8 ||     8
  Use: Potion            |     1 |     5 ||     6
       Scroll            |       |     3 ||     3
 Stab: Sleeping          |       |     4 ||     4
  Eat: Meat ration       |     1 |       ||     1
       Chunk             |       |     5 ||     5
       Royal jelly       |       |     1 ||     1
